 Dungeon Crawl Stone Soup version 0.30.0-21-gd299b56b3f (webtiles) character file.

Game seed: 6196460690918494222

2520 qw the Cleaver (level 9, -2/56 HPs)
             Began as a Gargoyle Fighter on June 2, 2023.
             Was an Initiate of Okawaru.
             Slain by a gnoll bouda
             ... wielding a +2 whip of distortion
              (3 damage)
             ... on level 7 of the Dungeon.
             The game lasted 00:03:56 (7197 turns).

qw the Cleaver (Gargoyle Fighter)                   Turns: 7197, Time: 00:03:56

Health: -2/56      AC: 26    Str: 25    XL:     9   Next: 54%
Magic:  9/9        EV:  7    Int:  8    God:    Okawaru [......]
Gold:   469        SH:  4    Dex:  9    Spells: 8/8 levels left

rFire   + + .        Y - +0 war axe (flame)
rCold   . . .        c - +0 buckler
rNeg    + . .        l - +0 plate armour
rPois   inf          (no helmet)
rElec   +            (no cloak)
rCorr   .            (no gloves)
SInv    .            i - +2 pair of boots
Will    .....        h - amulet of the acrobat Stlth
                     m - +4 ring of protection
HPRegen 0.29/turn    k - ring of protection from fire
MPRegen 0.11/turn

%: acrobat
@: about to teleport
A: sickness immunity, AC +6, negative energy resistance 1, electricity
resistance, torment resistance 1, petrification resistance, fire resistance 1,
wild magic 1
a: Renounce Religion


You were on level 7 of the Dungeon.
You worshipped Okawaru.
Okawaru was noncommittal.
You visited 2 branches of the dungeon, and saw 8 of its levels.
You also visited: Sewer.

You collected 469 gold pieces.


Innate Abilities, Weirdness & Mutations

You are immune to sickness and miasma.
Your stone body is resilient. (AC +6)
You are immune to poison.
You resist negative energy. (rN+)
You are resistant to electric shocks. (rElec)
You are resistant to unholy torment.
You are immune to petrification.
Your flesh is heat resistant. (rF+)
Your spells are a little harder to cast, but a little more powerful.


   Skills:
 + Level 6.7 Fighting
 - Level 9.0 Axes
 - Level 2.6 Throwing
 - Level 5.6 Armour
 - Level 1.4 Dodging
 - Level 4.0 Shields
 - Level 0.6 Invocations


You had 8 spell levels left.
You didn't know any spells.
Your spell library was empty.

Inventory:

Hand Weapons
 Y - a +0 war axe of flaming (weapon)
Missiles
 r - a boomerang (quivered)
Armour
 c - a +0 buckler (worn)
 i - a +2 pair of boots (worn)
 l - a +0 plate armour (worn)
Jewellery
 h - an amulet of the acrobat (around neck)
 k - a ring of protection from fire (right hand)
 m - a +4 ring of protection (left hand)
Wands
 b - a wand of digging (1)
Scrolls
 e - 4 scrolls of teleportation
 q - a scroll of identify
Potions
 a - a potion of invisibility {unknown}
 d - 4 potions of might
 f - a potion of heal wounds {unknown}
 g - a potion of ambrosia {unknown}
 j - a potion of curing {unknown}
 n - a potion of cancellation
 o - a potion of flight {unknown}
 p - 3 potions of mutation

Dungeon Overview and Level Annotations

Branches:
Dungeon (7/15)             Temple (1/1) D:5           Sewer (visited)

Altars:
Ashenzari
Cheibriados
Dithmenos
Elyvilon
Fedhas
Hepliaklqana
Kikubaaqudgha
Okawaru
Qazlal
Ru
Trog
Uskayaw
Vehumet
Wu Jian
Xom
Yredelemnul
The Shining One


Message History

A gnoll comes into view. It is wielding a +0 spear.
The gnoll hits you but does no damage.
The gnoll bouda barks out a call to the hunt!
The gnoll picks up the pace!
You closely miss the gnoll bouda.
The gnoll bouda is heavily wounded.
A gnoll comes into view. It is wielding a +0 halberd.
The gnoll hits you but does no damage.
The gnoll bouda hits you but does no damage.
Space warps around you.
You hit the gnoll bouda. You burn the gnoll bouda.
The gnoll bouda is heavily wounded.
The gnoll is no longer moving quickly.
The gnoll hits you but does no damage.
The gnoll bouda barks out a call to the hunt!
The gnoll picks up the pace!
You closely miss the gnoll bouda.
The gnoll bouda is heavily wounded.
The gnoll hits you from afar with a +0 spear.
The gnoll bouda hits you but does no damage.
Space warps around you.
You hit the gnoll bouda. You burn the gnoll bouda.
The gnoll bouda is severely wounded.
The gnoll barely misses you.
The gnoll bouda hits you but does no damage.
Space warps around you.
You barely miss the gnoll bouda.
The gnoll bouda is severely wounded.
The gnoll hits you but does no damage.
The gnoll bouda hits you but does no damage.
Space warps horribly around you!!
7196 ||| READING 5 scrolls of teleportation.
As you read the scroll of teleportation, it crumbles to dust.
You feel strangely unstable. The gnoll closely misses you.
The gnoll bouda barely misses you.
You hit the gnoll bouda. You burn the gnoll bouda.
The gnoll bouda is almost dead.
The gnoll hits you but does no damage.
The gnoll bouda hits you with a +2 whip of distortion!
Space warps around you.
You die...

###### # #..g[# ..#
..
##########..@.#....#
....
........)....)gg....
....
#######.############
777.7 77...7 77..777


77777777777 7..77 77......77.77 77 77.7 7...777...7.777 .77 77.77 777...7
777777... You could see a gnoll bouda and 2 gnolls.

Vanquished Creatures
  A wyvern (D:7)
  A water moccasin (Sewer)
  An orc warrior (D:7)
  2 black bears
  2 ogres
  A centaur (D:6)
  A phantom (D:5)
  5 kobold brigands (D:4)
  A bullfrog (D:6)
  4 scorpions
  2 howler monkeys
  2 gnoll boudas
  An orc priest (D:3)
  8 hounds
  A sleepcap (D:6)
  6 iguanas
  22 gnolls
  8 adders
  A white imp (D:7)
  An ufetubus (D:6)
  4 worms
  3 dart slugs
  10 orcs
  6 ball pythons
  6 endoplasms
  2 giant cockroaches
  4 goblins
  10 hobgoblins
  7 jackals
  44 kobolds
  7 quokkas
  5 bats
  6 frilled lizards
  7 rats
192 creatures vanquished.

Notes
Turn   | Place    | Note
-------+----------+-------------------------------------------
     0 | D:1      | qw the Gargoyle Fighter began the quest for the Orb.
     0 | D:1      | Reached XP level 1. HP: 14/14 MP: 1/1
     0 | D:1      | 0 ||| qw: Version: 0.2-a-102-gdf20003
     0 | D:1      | 0 ||| qw: Game counter: 854
     0 | D:1      | 0 ||| qw: Always use a shield: true
     0 | D:1      | 0 ||| qw: God list: Okawaru
     0 | D:1      | 0 ||| qw: Allow faded altars: false
     0 | D:1      | 0 ||| qw: Do Orc after D:15 true
     0 | D:1      | 0 ||| qw: Do second Lair branch before Depths: true
     0 | D:1      | 0 ||| qw: Lair rune preference: random
     0 | D:1      | 0 ||| qw: Plans: Normal, Zot:1-4, Slime:5, God:TSO, Crypt,
                  | Tomb, Pan, Hells, Abyss, Win
     0 | D:1      | 0 ||| PLANNING D:1-11
    60 | D:1      | Reached skill level 2 in Axes
   120 | D:1      | Reached XP level 2. HP: 18/19 MP: 2/2
   414 | D:1      | Reached skill level 3 in Axes
   463 | D:1      | Reached XP level 3. HP: 21/23 MP: 3/3
  1053 | D:1      | 1053 ||| UPGRADING to +0 pair of boots.
  1058 | D:1      | 1058 ||| READING scroll labelled LEMUUCKEOCW.
  1059 | D:1      | 1059 ||| READING scroll labelled SIMEXZ IRAFUFY.
  1060 | D:1      | 1060 ||| READING scroll labelled KICRE VANETS.
  1061 | D:1      | 1061 ||| READING scroll labelled ZEAQYI ELUH.
  1348 | D:2      | Reached XP level 4. HP: 28/28 MP: 4/4
  1513 | D:2      | Reached skill level 4 in Axes
  1523 | D:2      | 1523 ||| Stepping ~*~*~tactically~*~*~ (stealth).
  2155 | D:2      | 2155 ||| UPGRADING to +4 ring of protection.
  2156 | D:2      | 2156 ||| READING scroll labelled EWNOAT ZIZU.
  2157 | D:2      | 2157 ||| READING scroll labelled QELATW LIOCS.
  2160 | D:2      | 2160 ||| DRINKING 3 viscous sapphire potions.
  2161 | D:2      | 2161 ||| DRINKING 3 black potions.
  2162 | D:2      | 2162 ||| DROPPING 2 potions of magic.
  2163 | D:2      | 2163 ||| DROPPING 2 potions of brilliance.
  2189 | D:3      | 2189 ||| PLANNING SEWER
  2297 | D:3      | 2297 ||| Stepping ~*~*~tactically~*~*~ (stealth).
  2299 | D:3      | 2299 ||| Stepping ~*~*~tactically~*~*~ (stealth).
  2301 | D:3      | 2301 ||| Stepping ~*~*~tactically~*~*~ (stealth).
  2303 | D:3      | 2303 ||| Stepping ~*~*~tactically~*~*~ (stealth).
  2304 | D:3      | 2304 ||| Stepping ~*~*~tactically~*~*~ (stealth).
  2305 | D:3      | 2305 ||| Stepping ~*~*~tactically~*~*~ (stealth).
  2306 | D:3      | 2306 ||| Stepping ~*~*~tactically~*~*~ (stealth).
  2377 | D:3      | Reached XP level 5. HP: 32/32 MP: 5/5
  2460 | D:3      | 2460 ||| READING scroll labelled IBAM CECWUSS.
  2550 | D:3      | 2550 ||| Stepping ~*~*~tactically~*~*~ (hiding).
  2566 | D:3      | Reached skill level 5 in Axes
  2581 | D:3      | 2581 ||| DROPPING +0 whip.
  2696 | D:3      | Found a glowing drain.
  2702 | D:3      | 2702 ||| READING scroll labelled UTWIDE SINOXEX.
  2714 | Sewer    | Entered a sewer
  2756 | Sewer    | Noticed a water moccasin
  2774 | Sewer    | Killed a water moccasin
  2775 | Sewer    | Reached XP level 6. HP: 37/37 MP: 6/6
  2831 | Sewer    | 2831 ||| READING scroll of enchant armour.
  2831 | Sewer    | 2831 ||| ENCHANTING +0 pair of boots.
  2834 | Sewer    | 2834 ||| DRINKING 2 smoky black potions.
  2939 | Sewer    | 2939 ||| DROPPING potion of berserk rage.
  2956 | D:3      | 2956 ||| PLANNING D:1-11
  3027 | D:3      | Found a broken altar of Ashenzari.
  3213 | D:3      | 3213 ||| UPGRADING to +0 chain mail.
  3223 | D:3      | 3223 ||| DROPPING +0 scale mail.
  3224 | D:3      | 3224 ||| READING scroll labelled XUTAUT OSEKLOIXTAL.
  3405 | D:4      | 3405 ||| Stepping ~*~*~tactically~*~*~ (hiding).
  3574 | D:4      | Noticed a black bear
  3575 | D:4      | 3575 ||| Stepping ~*~*~tactically~*~*~ (hiding).
  3580 | D:4      | Killed a black bear
  3617 | D:4      | 3617 ||| READING scroll of enchant armour.
  3617 | D:4      | 3617 ||| ENCHANTING +1 pair of boots.
  3630 | D:4      | Found a radiant altar of Vehumet.
  3759 | D:4      | Reached XP level 7. HP: 41/44 MP: 7/7
  3773 | D:4      | 3773 ||| Stepping ~*~*~tactically~*~*~ (hiding).
  3777 | D:4      | 3777 ||| Stepping ~*~*~tactically~*~*~ (hiding).
  3816 | D:4      | 3816 ||| Stepping ~*~*~tactically~*~*~ (hiding).
  3873 | D:4      | Reached skill level 6 in Axes
  3879 | D:4      | Reached skill level 1 in Dodging
  3964 | D:4      | Reached XP level 8. HP: 46/48 MP: 8/8
  4051 | D:4      | Reached skill level 7 in Axes
  4310 | D:4      | 4310 ||| Stepping ~*~*~tactically~*~*~ (stealth).
  4312 | D:4      | 4312 ||| Stepping ~*~*~tactically~*~*~ (stealth).
  4313 | D:4      | 4313 ||| Stepping ~*~*~tactically~*~*~ (stealth).
  4314 | D:4      | 4314 ||| Stepping ~*~*~tactically~*~*~ (stealth).
  4344 | D:4      | 4344 ||| DROPPING +0 flail.
  4389 | D:4      | 4389 ||| Stepping ~*~*~tactically~*~*~ (hiding).
  4560 | D:4      | 4560 ||| DRINKING 2 lumpy purple potions.
  4576 | D:4      | Found a blossoming altar of Fedhas.
  4978 | D:5      | Entered Level 5 of the Dungeon
  5145 | D:5      | Reached skill level 8 in Axes
  5257 | D:5      | 5257 ||| READING scroll of brand weapon.
  5257 | D:5      | 5257 ||| BRANDING +0 war axe of protection.
  5258 | D:5      | 5258 ||| DROPPING +0 morningstar.
  5345 | D:5      | 5345 ||| Stepping ~*~*~tactically~*~*~ (stealth).
  5346 | D:5      | 5346 ||| Stepping ~*~*~tactically~*~*~ (stealth).
  5356 | D:5      | Reached skill level 6 in Fighting
  5366 | D:5      | Found a staircase to the Ecumenical Temple.
  5367 | D:5      | 5367 ||| PLANNING TEMPLE
  5367 | D:5      | 5367 ||| UPGRADING to ring of protection from fire.
  5368 | D:5      | 5368 ||| READING scroll labelled WISTYT BISMIO.
  5377 | Temple   | Entered the Ecumenical Temple
  5378 | Temple   | 5378 ||| PLANNING OKAWARU WORSHIP
  5538 | Temple   | Became a worshipper of Warmaster Okawaru
  5538 | Temple   | 5538 ||| PLANNING D:1-11
  6049 | D:5      | 6049 ||| READING scroll labelled QOKHEUGEYP.
  6050 | D:5      | 6050 ||| DRINKING 3 fuming orange potions.
  6050 | D:5      | Gained mutation: Your flesh is heat resistant. (rF+)
                  | [potion of mutation]
  6050 | D:5      | Gained mutation: Your spells are a little harder to cast,
                  | but a little more powerful. [potion of mutation]
  6175 | D:6      | Reached XP level 9. HP: 55/55 MP: 9/9
  6231 | D:6      | Reached skill level 9 in Axes
  6805 | D:6      | Reached * piety under Okawaru
  6843 | D:6      | 6843 ||| UPGRADING to +0 plate armour.
  6853 | D:6      | 6853 ||| DROPPING +0 chain mail.
  6854 | D:6      | 6854 ||| UPGRADING to amulet of the acrobat.
  6859 | D:6      | 6859 ||| READING scroll labelled SUMIOP TENTEI.
  6923 | D:7      | 6923 ||| INVOKING Heroism.
  6947 | D:7      | 6947 ||| Stepping ~*~*~tactically~*~*~ (hiding).
  7156 | D:7      | 7156 ||| Stepping ~*~*~tactically~*~*~ (stealth).
  7171 | D:7      | 7171 ||| INVOKING Heroism.
  7173 | D:7      | 7173 ||| Stepping ~*~*~tactically~*~*~ (hiding).
  7195 | D:7      | HP: 7/56 [gnoll bouda/+2 whip of distortion (20)]
  7196 | D:7      | 7196 ||| READING 5 scrolls of teleportation.
  7197 | D:7      | HP: 1/56 [gnoll bouda/+2 whip of distortion (7)]
  7197 | D:7      | Slain by a gnoll bouda

Levels and vault maps discovered:
D:1:      dpeg_arrival_simpleton_a, layout_basic
D:2:      layout_basic, minmay_misc_feat_hallway, grunt_ministairs_4,
          minmay_fractal_squares_gapless_5
D:3:      layout_basic, nicolae_ashenzari_panopticon,
          cheibrodos_sewer_entry_bend
D:4:      minmay_goblin_kobold_castle, layout_basic,
          lemuel_coloured_pillars_altar, fedhas_altar_3, minmay_puff
D:5:      layout_gridville, minmay_temple_entry_waves, feat_on_display
D:6:      cheibrodos_quashed, layout_basic, minmay_holes, minivault_23,
          mrwooster_statue_mirror, minmay_checkerbox
D:7:      kb_forest_paths, layout_basic, overflow_temple_1_default,
          mainiacjoe_overflow_surrounded_room, uniq_menkaure
Temple:   eino_narrow_crystal_temple

Skill      XL: |  1  2  3  4  5  6  7  8  9 |
---------------+----------------------------+-----
Axes           | 2 3 4 5 6 8 9 |  9.0
Throwing       | 2 |  2.6
Fighting       | 4 6 |  6.7
Dodging        | 1 |  1.4
Armour         | 5 |  5.6
Shields        | 4 |  4.0
Invocations    | |  0.6

Action                     |  1- 3 |  4- 6 |  7- 9 || total
---------------------------+-------+-------+-------++-------
  Melee: War axe           |   154 |   142 |   359 ||   655
  Throw: Boomerang         |       |    40 |    58 ||    98
 Invoke: Heroism           |       |       |     2 ||     2
    Use: Scroll            |     4 |     7 |     5 ||    16
         Potion            |       |     3 |     2 ||     5
   Stab: Distracted        |       |       |     1 ||     1
 Armour: Scale mail        |    80 |    44 |       ||   124
         Chain mail        |       |    44 |   214 ||   258
         Plate armour      |       |       |    38 ||    38
  Dodge: Dodged            |    81 |    86 |   153 ||   320
  Block: Buckler           |    24 |    32 |    69 ||   125

Table legend:
 A = Non-vault XP
 B = Vault XP
 C = Vault XP percentage of total XP
 D = Non-vault monster count
 E = Vault monster count
 F = Vault count percentage of total count
                 A         B        C        D         E       F
            +---------+---------+-------+---------+---------+-------
      Total |    2244 |    1357 |  37.7 |     115 |      77 |  40.1
            +---------+---------+-------+---------+---------+-------
        D:1 |      48 |       0 |   0.0 |      30 |       0 |   0.0
        D:2 |      52 |      21 |  28.8 |      13 |       6 |  31.6
        D:3 |     143 |       5 |   3.4 |      19 |       1 |   5.0
        D:4 |     407 |     762 |  65.2 |      24 |      57 |  70.4
        D:5 |     640 |       0 |   0.0 |       9 |       0 |   0.0
        D:6 |     744 |      93 |  11.1 |      14 |       3 |  17.6
        D:7 |     210 |     325 |  60.7 |       6 |       6 |  50.0
      Sewer |       0 |     151 | 100.0 |       0 |       4 | 100.0
            +---------+---------+-------+---------+---------+-------
